 Dungeon Crawl Stone Soup version 0.28.0-53-g5a82cb258f (webtiles) character file.

Game seed: 12214036584050956348

96 drinkteas the Skirmisher (level 4, -31/41 HPs)
             Began as a Draconian Abyssal Knight on June 25, 2022.
             Was a Believer of Lugonu.
             Killed by an exploding sky beast (37 damage)
             ... ignited by their inner flame
             ... on level 3 of the Dungeon.
             The game lasted 00:32:51 (2109 turns).

drinkteas the Skirmisher (Draconian Abyssal Knight) Turns: 2109, Time: 00:32:53

Health: -31/41     AC:  5    Str: 17    XL:     4   Next: 41%
Magic:  5/5        EV: 13    Int: 11    God:    Lugonu [**....]
Gold:   99         SH:  0    Dex: 17    Spells: 3/3 levels left

rFire   . . .      SeeInvis .   a - +1 hand axe
rCold   . . .      Faith    .   (no shield)
rNeg    . . .      Spirit   .   (armour unavailable)
rPois   .          Reflect  .   (helmet restricted)
rElec   .          Harm     .   (no cloak)
rCorr   .          Rampage  .   (no gloves)
Will    .....                   (no boots)
Stlth   ++........              (no amulet)
HPRegen 0.13/turn               y - +6 ring of dexterity
MPRegen 0.09/turn               o - +4 ring of slaying

@: no status effects
A: AC +5, unfitting armour, cold-blooded
a: Renounce Religion, Depart the Abyss, Bend Space


You were on level 3 of the Dungeon.
You worshipped Lugonu.
Lugonu was pleased with you.
You visited 1 branch of the dungeon, and saw 3 of its levels.
You visited the Abyss 1 time.

You collected 99 gold pieces.

Inventory:

Hand Weapons
 a - a +1 hand axe (weapon)
 i - a +0 dagger
 k - a +0 club
 l - a +0 mace
 q - a +0 dagger
 s - a +0 short sword
 u - a +0 dagger
 v - a +0 hunting sling
 w - a +0 short sword
 x - a +0 dagger
 z - a +0 club
Missiles
 d - 5 poisoned darts
 g - 70 stones
 A - 17 arrows
Armour
 r - a +0 scale mail
 t - a +0 leather armour
Jewellery
 c - a +4 ring of evasion
 o - a +4 ring of slaying (right hand)
 y - a +6 ring of dexterity (left hand)
Scrolls
 b - 2 scrolls of magic mapping
 B - a scroll of vulnerability {unknown}
Potions
 f - a potion of flight
 p - a potion of lignification {unknown}


   Skills:
 + Level 4.3 Fighting
 + Level 3.2 Axes
 + Level 2.7 Dodging
 + Level 0.2 Stealth
 + Level 2.1 Invocations


You had 3 spell levels left.
You didn't know any spells.
Your spell library was empty.

Dungeon Overview and Level Annotations

Branches:
Dungeon (3/15)

Altars:


Innate Abilities, Weirdness & Mutations

Your plain brown scales are hard. (AC +5)
You cannot fit into any form of body armour.
You are cold-blooded and may be slowed by cold attacks.


Message History

m - a potion of curing HP restored.
There is a stone staircase leading down here.
There is a stone staircase leading down here.
The sky beast hits you. The sky beast shocks you.
You hit the sky beast but do no damage.
The sky beast is moderately wounded.
The sky beast hits you but does no damage.
The sky beast barely misses you.
You hit the sky beast.
The sky beast is heavily wounded.
The sky beast flickers out of sight!
Deactivating autopickup; reactivate with Ctrl-A.
Something hits you but does no damage.
You miss something.
Your tail-slap misses something.
Something hits you. Something shocks you.
You hit something.
Your tail-slap misses something.
Something hits you but does no damage.
You hit something. Something hits you. Something shocks you.
As you read the scroll labelled KIMOXI HIDGH, it crumbles to dust.
You speak a Word of immense power!
It was a scroll of holy word.
Something hits you but does no damage.
You hit something. Something hits you but does no damage.
You hit something. Something hits you. Something shocks you.
* * * LOW HITPOINT WARNING * * *
You feel better. Something hits you. Something shocks you.
As you read the scroll labelled KASCHE DUTSO, it crumbles to dust.
The creatures around you are filled with an inner flame!
It was a scroll of immolation.
Something hits you.
* * * LOW HITPOINT WARNING * * *
Something shocks you.
* * * LOW HITPOINT WARNING * * *
You hit something. Lugonu accepts your kill.
Reactivating autopickup.
You feel a bit more experienced.
The sky beast explodes!
The fiery explosion engulfs you!!!
Ouch! That really hurt!
You die...

#.#.....#########
#.###.#.##
####.###..÷.###
#.............#
#.##.###....#.#
#.##.###.#.##.#
#.#...#.>#.##.# ##
##.#...#.##.##.#
...#..§@§.#.##.##.#
.....#§§###.##....#
####...§# #.#####.#####
##.####.###.#####.....#
#.................###.#
.....###########..# #.#
#... .........# #.# ...
#######.## #.# ## #.#
#.#


There were no monsters in sight!

Vanquished Creatures
  A sky beast (D:3)
  4 adders
  2 dart slugs
  An orc (D:3)
  7 ball pythons
  3 bats
  4 endoplasms
  2 giant cockroaches
  3 goblins
  8 hobgoblins
  3 jackals (D:1)
  2 quokkas (D:2)
  5 frilled lizards
  3 kobolds
  5 rats
53 creatures vanquished.

Notes
Turn   | Place    | Note
-------+----------+-------------------------------------------
     0 | Abyss:1  | drinkteas the Draconian Abyssal Knight began the quest for
                  | the Orb.
     0 | Abyss:1  | Reached XP level 1. HP: 19/19 MP: 2/2
    51 | Abyss:1  | Noticed an orange demon
    51 | Abyss:1  | Noticed a small abomination
    54 | D:1      | Escaped the Abyss
   217 | D:1      | Reached XP level 2. HP: 23/26 MP: 3/3
   447 | D:1      | Found a faded altar of an unknown god.
   621 | D:1      | Reached ** piety under Lugonu
   879 | D:2      | Reached skill level 4 in Fighting
   879 | D:2      | Reached XP level 3. HP: 25/33 MP: 4/4
  1453 | D:2      | Reached XP level 4. HP: 35/40 MP: 5/5
  1828 | D:3      | Noticed a sky beast
  2109 | D:3      | Killed a sky beast
  2109 | D:3      | Killed by an exploding sky beast... ignited by their inner
                  | flame

Illustrated notes

Levels and vault maps discovered:
D:1:      psy_arrival_whirlpool, layout_loops_ring,
          shapermc_ecumenical_altar_mp_vishouse
D:2:      layout_rooms
D:3:      layout_loops_ring, eino_curves_01

Skill      XL: |  1  2  3 |
---------------+----------+-----
Fighting       | 4 |  4.3
Axes           | 3 |  3.2
Dodging        | |  2.7
Stealth        | |  0.2
Invocations    | |  2.1

Action                   |  1- 3 |  4- 6 || total
-------------------------+-------+-------++-------
Melee: Hand axe          |    89 |    43 ||   132
       Tailslap          |    13 |     3 ||    16
       Punch             |     1 |       ||     1
  Use: Scroll            |     2 |     5 ||     7
       Potion            |       |     1 ||     1
Armor: Skin              |    27 |    13 ||    40
Dodge: Dodged            |    82 |    19 ||   101
